 Dungeon Crawl Stone Soup version 0.30-a0-576-g89cddaab80 (webtiles) character file.

Game seed: 13210274852643972348

112 cforsyth the Ruffian (level 4, -2/41 HPs)
             Began as a Ghoul Monk on Dec 31, 2022.
             Slain by an iguana (5 damage)
             ... on level 4 of the Dungeon.
             The game lasted 00:03:52 (2404 turns).

cforsyth the Ruffian (Ghoul Monk)                   Turns: 2404, Time: 00:03:53

Health: -2/41      AC: 10    Str: 15 (16) XL:     4   Next: 93%
Magic:  3/3        EV:  4    Int:  2 (5)  God:
Gold:   112        SH:  0    Dex:  8 (11) Spells: 3/3 levels left

rFire   + . .      SeeInvis .      - Unarmed
rCold   + + .      Faith    .    (no shield)
rNeg    + + +      Spirit   .    q - +0 plate armour
rPois   ∞          Reflect  .    (no helmet)
rElec   +          Harm     .    (no cloak)
rCorr   +          Rampage  .    (no gloves)
Will    +....                    (no boots) Stlth
                                 (no amulet)
HPRegen 0.00/turn                i - ring of willpower
MPRegen 0.08/turn                (no ring)

@: resistant, inhibited regen, invisible
A: claws 1, cold resistance 1, negative energy resistance 3, inhibited
regeneration, torment resistance 2, devour on kill
a: no special abilities


You were on level 4 of the Dungeon.
You visited 1 branch of the dungeon, and saw 4 of its levels.

You collected 112 gold pieces.

Inventory:

Armour
 q - a +0 plate armour (worn)
Jewellery
 i - a ring of willpower (left claw)
Wands
 t - a wand of iceblast (4)
Scrolls
 c - a scroll of vulnerability {unknown}
 g - a scroll of teleportation
 h - a scroll of amnesia {unknown}
 j - a scroll of fear {unknown}
 l - a scroll of noise
 m - 2 scrolls of enchant weapon
 o - a scroll of magic mapping {unknown}
 p - a scroll of poison {unknown}
 r - a scroll of silence {unknown}
Potions
 b - a potion of ambrosia
 d - a potion of degeneration
 e - a potion of invisibility
 f - a potion of heal wounds
 n - a potion of flight {unknown}
 s - a potion of curing {unknown}


   Skills:
 + Level 4.7 Fighting
 + Level 0.7 Armour
 - Level 2.6 Dodging
 - Level 2.1 Stealth
 + Level 4.7 Unarmed Combat


You had 3 spell levels left.
You didn't know any spells.
Your spell library was empty.

Dungeon Overview and Level Annotations

Branches:
Dungeon (4/15)
 Temple: D:4-7

Altars:
Gozag
Ru
Vehumet

Annotations:
D:4 Dowan, Duvessa


Innate Abilities, Weirdness & Mutations

You are immune to poison.
You have sharp fingernails.
Your flesh is cold resistant. (rC+)
You are immune to negative energy. (rN+++)
You do not regenerate when monsters are visible.
You are immune to unholy pain and torment.
You thrive by killing the living.


Message History

You are too injured to fight recklessly!
You are too injured to fight recklessly!
You are too injured to fight recklessly!
You are too injured to fight recklessly!
You are too injured to fight recklessly!
You are too injured to fight recklessly!
You are too injured to fight recklessly!
You are too injured to fight recklessly!
Okay, then.
Sorry, you're not good enough to have a special ability.
Unknown command.
It was a potion of invisibility.
You fade into invisibility!
The iguana bites you but does no damage.
It was a potion of degeneration.
There was something very wrong with that liquid.
You feel weakened.
You feel dopey.
You feel clumsy.
The iguana bites you but does no damage.
It was a potion of resistance.
You feel protected. The iguana bites you!
* * * LOW HITPOINT WARNING * * *
Unknown command.
It was a potion of lignification.
You feel woody for a moment.
The iguana bites you but does no damage.
You scratch the iguana.
The iguana is lightly wounded.
The iguana closely misses you.
You scratch the iguana but do no damage.
The iguana is lightly wounded.
The iguana bites you but does no damage.
You catch the helpless iguana completely off-guard!
You scratch the iguana.
The iguana is moderately wounded.
The iguana bites you!
* * * LOW HITPOINT WARNING * * *
You barely miss the iguana.
The iguana is moderately wounded.
The iguana bites you.
You die...

..#
##_##.################.#
..####
###................##.#
..'..#
#...###########.......#
<.##.# ##......###
#.......# ####.#
#.####.#.# #.......#
...#.# #....#.#.#
#.......# ##.#.#
##...#.#.# #####'###
.#.#.####.<..#.#l# #.#
.#.....[...#...#@#
#.######
......###.##.###.#
#....... ####.........#
#.# ######## #.####.##.#
#.# #.......#.# #.#
#######.#.###.#
#.........# #.###.#####
#.....#


You could see an iguana (unable to see you).

Vanquished Creatures
  A hound (D:3)
  2 adders (D:2)
  A dart slug (D:2)
  An orc (D:4)
  5 bats
  2 endoplasms (D:2)
  3 giant cockroaches
  5 goblins
  4 hobgoblins
  6 jackals (D:1)
  6 kobolds
  4 quokkas
  8 ball pythons
  4 frilled lizards
  7 rats
59 creatures vanquished.

Notes
Turn   | Place    | Note
-------+----------+-------------------------------------------
     0 | D:1      | cforsyth the Ghoul Monk began the quest for the Orb.
     0 | D:1      | Reached XP level 1. HP: 19/19 MP: 0/0
   144 | D:1      | Reached XP level 2. HP: 21/26 MP: 1/1
   349 | D:1      | Reached XP level 3. HP: 33/33 MP: 2/2
  1134 | D:2      | Found a radiant altar of Vehumet.
  1178 | D:2      | Reached XP level 4. HP: 39/41 MP: 3/3
  1931 | D:3      | Noticed a black bear
  2029 | D:4      | Found a sacrificial altar of Ru.
  2040 | D:4      | Found an opulent altar of Gozag.
  2093 | D:4      | Noticed Dowan
  2093 | D:4      | Noticed Duvessa
  2404 | D:4      | Slain by an iguana

Illustrated notes

Levels and vault maps discovered:
D:1:      lemuel_arrival_rhombus, layout_rooms
D:2:      layout_loops_corners, basic_altar, minmay_tetromino_t4
D:3:      layout_basic
D:4:      layout_basic, amethyst_overflow_temple_binary, uniq_duvessa

Skill      XL: |  1  2  3 |
---------------+----------+-----
Unarmed Combat | 4 |  4.7
Fighting       | 4 |  4.7
Armour         | |  0.7
Dodging        | |  2.6
Stealth        | |  2.1

Action                   |  1- 3 |  4- 6 || total
-------------------------+-------+-------++-------
Melee: Unarmed           |   140 |    65 ||   205
       Punch             |     4 |       ||     4
  Use: Potion            |       |     5 ||     5
       Scroll            |       |     3 ||     3
 Stab: Sleeping          |     2 |       ||     2
       Invisible         |       |     1 ||     1
Armor: Robe              |    18 |       ||    18
       Scale mail        |    30 |       ||    30
       Plate armour      |     5 |    65 ||    70
Dodge: Dodged            |    78 |    17 ||    95

Table legend: (Time is in decaauts)
 A = Elapsed time spent in this place.
 B = Non-inter-level travel time spent in this place.
 C = Inter-level travel time spent in this place.
 D = Time resting spent in this place.
 E = Time spent auto-exploring this place.
 F = Levels seen in this place.
 G = Mean time per level.
                   A        B        C        D        E       F      G
               +--------+--------+--------+--------+--------+-----+--------+
         Total |   2388 |   2354 |     34 |    345 |   1495 |   4 |  597.0 |
       Dungeon |   2388 |   2354 |     34 |    345 |   1495 |   4 |  597.0 |
               +--------+--------+--------+--------+--------+-----+--------+

Top non-repeatable levels by time:
     D:2: 1203 daAuts
     D:1: 631 daAuts
     D:4: 446 daAuts
     D:3: 107 daAuts
